 Dungeon Crawl Stone Soup version 0.30-a0-996-ga6910c8ee8 (webtiles) character file.

Game seed: 15806118267935292690

302 vishdafish the Conjurer (level 6, 28/41 HPs)
             Began as a Demonspawn Conjurer on Apr 4, 2023.
             Quit the game on level 3 of the Dungeon.
             The game lasted 00:02:46 (2383 turns).

vishdafish the Conjurer (Demonspawn Conjurer)       Turns: 2383, Time: 00:02:47

Health: 28/41      AC:  5    Str:  8    XL:     6   Next: 14%
Magic:  4/12       EV: 12    Int: 29    God:
Gold:   122        SH:  0    Dex: 11    Spells: 12/13 levels left

rFire   . . .      SeeInvis .    t - +7 club
rCold   . . .      Faith    .    (no shield)
rNeg    . . .      Spirit   .    a - +0 robe
rPois   .          Reflect  .    g - +1 helmet
rElec   .          Rampage  .    (no cloak)
rCorr   .                        (no gloves)
Will    .....                    r - +0 pair of boots
Stlth   ++                       (no amulet)
HPRegen 0.26/turn                l - +6 ring of intelligence
MPRegen 0.13/turn                (no ring)

@: no status effects
A: claws 2, demonic guardian 1, big brain 1
a: no special abilities


You were on level 3 of the Dungeon.
You visited 1 branch of the dungeon, and saw 4 of its levels.

You collected 122 gold pieces.

Inventory:

Hand Weapons
 t - a +7 club (weapon)
Armour
 a - a +0 robe (worn)
 d - a +0 helmet
 g - a +1 helmet (worn)
 r - a +0 pair of boots (worn)
Jewellery
 l - a +6 ring of intelligence (left claw)
Scrolls
 c - 4 scrolls of identify {unknown}
 f - 2 scrolls of acquirement {unknown}
 j - a scroll of noise {unknown}
 k - a scroll of enchant weapon {unknown}
 m - 2 scrolls of teleportation {unknown}
 o - a scroll of silence {unknown}
 p - a scroll of brand weapon {unknown}
Potions
 b - a potion of magic
 e - a potion of cancellation {unknown}
 h - 2 potions of might {unknown}
 i - a potion of haste {unknown}
 n - a potion of brilliance {unknown}
 q - 2 potions of curing {unknown}
 s - 2 potions of flight {unknown}


   Skills:
 - Level 1.7 Dodging
 - Level 1.7 Stealth
 + Level 4.4 Spellcasting
 + Level 6.0 Conjurations


You had 12 spell levels left.
You knew the following spells:

 Your Spells              Type           Power      Damage    Failure   Level
a - Magic Dart            Conj           100%       1d8       1%          1

Your spell library contained the following spells:

 Spells                   Type           Power      Damage    Failure   Level
 Shock                    Conj/Air       92%        1d8       1%          1
 Searing Ray              Conj           82%        2d7       1%          2
 Dazzling Flash           Conj/Hex       46%        N/A       6%          3
 Fulminant Prism          Conj/Hex       11%        3d8       19%         4
 Iskenderun's Mystic Bla  Conj/Tloc      23%        2d6       19%         4
 Swiftness                Air            6%         N/A       21%         3
 Airstrike                Air            3%         2d(1-17)  54%         4


Dungeon Overview and Level Annotations

Branches:
Dungeon (4/15)
 Temple: D:4-7

Altars:

Annotations:
D:4 Sigmund


Innate Abilities, Weirdness & Mutations

You have very sharp fingernails.
A weak demonic guardian rushes to your aid.
You have an unusually large brain. (Int +2)


Message History

You now have 122 gold pieces (gained 8).
Grinder is nearby!
Grinder is nearby!
Grinder is nearby!
The magic dart hits Grinder.
Grinder is heavily wounded.
Grinder shouts!
Grinder says, "You look like you could use a good racking."
The magic dart hits Grinder.
Grinder is severely wounded.
The magic dart hits Grinder!
Grinder is severely wounded.
Grinder blinks!
The magic dart hits Grinder.
Grinder is almost dead.
Grinder gestures at you.
You suddenly lose the ability to move!
Grinder gestures at you. Pain shoots through your body!
Grinder gestures at you. Pain shoots through your body!
You can move again.
The magic dart hits Grinder but does no damage.
Grinder is almost dead.
Grinder gestures at you.
You barely resist.
The magic dart hits Grinder.
You kill Grinder!
Your Spellcasting skill increases to level 4!
Your Conjurations skill increases to level 6!
You have reached level 5!
Your demonic ancestry asserts itself...
You feel the presence of a demonic guardian.
You have reached level 6!
Your demonic ancestry asserts itself...
Your fingernails sharpen.
Are you sure you want to abandon this character and quit the game? (Confirm with "yes".)
Okay, then.
Unknown command.
Are you sure you want to abandon this character and quit the game? (Confirm with "yes".)

#..# #.# ##.#
#.# #.#
##.######## #.#
#.........# #.#
#..######.# #.#
#†.# #.# #.#
#..#### #.#
#.###.....# #.#
#.@....##.###.#
#####....>..#.#
####....#.#
#.##.#.####
#.##.#.#..#
#.#..#.#..#
#.#.##.#..##
#.#.....<..#
#.####<.##.#


There were no monsters in sight!

Vanquished Creatures
  Grinder (D:3)
  Jessica (D:3)
  2 adders (D:3)
  A gnoll (D:1)
  3 worms
  2 dart slugs (D:1)
  5 ball pythons
  5 endoplasms
  2 giant cockroaches (D:1)
  5 goblins
  2 hobgoblins
  2 kobolds
  3 quokkas
  3 bats (D:1)
  2 frilled lizards
  3 rats
42 creatures vanquished.

Notes
Turn   | Place    | Note
-------+----------+-------------------------------------------
     0 | D:1      | vishdafish the Demonspawn Conjurer began the quest for the
                  | Orb.
     0 | D:1      | Reached XP level 1. HP: 13/13 MP: 3/3
   241 | D:1      | Gained mutation: You have an unusually large brain. (Int
                  | +2) [demonic ancestry]
   241 | D:1      | Reached XP level 2. HP: 19/19 MP: 3/5
   665 | D:1      | Reached XP level 3. HP: 24/24 MP: 5/7
  1805 | D:3      | Noticed Grinder
  1854 | D:4      | Noticed Sigmund
  1986 | D:3      | Noticed Jessica
  1990 | D:3      | Killed Jessica
  1991 | D:3      | Reached skill level 5 in Conjurations
  1991 | D:3      | Gained mutation: You have sharp fingernails. [demonic
                  | ancestry]
  1991 | D:3      | Reached XP level 4. HP: 24/30 MP: 3/9
  2193 | D:3      | Paralysed by Grinder for 2 turns
  2377 | D:3      | Paralysed by Grinder for 4 turns
  2382 | D:3      | Killed Grinder
  2383 | D:3      | Reached skill level 6 in Conjurations
  2383 | D:3      | Gained mutation: A weak demonic guardian rushes to your
                  | aid. [demonic ancestry]
  2383 | D:3      | Reached XP level 5. HP: 24/35 MP: 4/11
  2383 | D:3      | Gained mutation: You have very sharp fingernails. [demonic
                  | ancestry]
  2383 | D:3      | Reached XP level 6. HP: 28/41 MP: 4/12
  2383 | D:3      | Quit the game

Illustrated notes

Levels and vault maps discovered:
D:1:      wander_arrival_peaceful_grave, layout_rooms
D:2:      layout_basic, nicolae_titane
D:3:      layout_basic, uniq_grinder, uniq_natasha, uniq_jessica
D:4:      layout_basic, kennysheep_little_box, old_standard_altar,
          gammafunk_ghost_mausoleum, uniq_robin, uniq_sigmund

Skill      XL: |  1  2  3  4 |
---------------+-------------+-----
Spellcasting   | 3 4 |  4.4
Conjurations   | 5 6 |  6.0
Dodging        | |  1.7
Stealth        | |  1.7

Action                     |  1- 3 |  4- 6 || total
---------------------------+-------+-------++-------
  Melee: Club              |       |     3 ||     3
   Cast: Magic Dart        |    84 |    27 ||   111
 Armour: Robe              |     5 |     1 ||     6
  Dodge: Dodged            |     8 |     2 ||    10

Table legend: (Time is in decaauts)
 A = Elapsed time spent in this place.
 B = Non-inter-level travel time spent in this place.
 C = Inter-level travel time spent in this place.
 D = Time resting spent in this place.
 E = Time spent auto-exploring this place.
 F = Levels seen in this place.
 G = Mean time per level.
                   A        B        C        D        E       F      G
               +--------+--------+--------+--------+--------+-----+--------+
         Total |   2383 |   2235 |    148 |     28 |   1909 |   4 |  595.8 |
       Dungeon |   2383 |   2235 |    148 |     28 |   1909 |   4 |  595.8 |
               +--------+--------+--------+--------+--------+-----+--------+

Top non-repeatable levels by time:
     D:2: 902 daAuts
     D:1: 812 daAuts
     D:3: 605 daAuts
     D:4: 64 daAuts
